 Dungeon Crawl Stone Soup version 0.21.0-3-g78d12a8bdd (webtiles) character file.

39656 MalkierKing the Severer (level 13, -3/187 HPs)
             Began as a Minotaur Berserker on Jan 13, 2018.
             Was the Champion of Trog.
             Slain by an entropy weaver (8 damage)
             ... on level 3 of the Lair of Beasts.
             The game lasted 01:34:22 (20270 turns).

MalkierKing the Severer (Minotaur Berserker)       Turns: 20270, Time: 01:34:23

Health: -3/187     AC: -7    Str: 30    XL:     13   Next: 70%
Magic:  13/13      EV: 14    Int:  5    God:    Trog [******]
Gold:   632        SH:  0    Dex: 11    Spells: 12/12 levels left

rFire    + + +     SeeInvis .   a - +1 battleaxe (freeze)
rCold    + . .     Gourm    +   (shield currently unavailable)
rNeg     . . .     Faith    .   B - +1 chain mail {rF+}
rPois    +         Spirit   .   (helmet restricted)
rElec    .         Reflect  .   w - scarf {cloud immunity}
rCorr    .         Harm     .   A - +0 pair of gloves
MR       +....                  I - +0 pair of boots
Stlth    ..........             E - amulet of the gourmand
HPRegen  0.41/turn              J - ring of protection from magic
MPRegen  0.13/turn              R - ring of Ciutur {+Blink rPois rF+++ rC+}

@: berserking, corroded, very quick
A: retaliatory headbutt, horns 2
a: Berserk, Trog's Hand, Brothers in Arms, Burn Spellbooks, Renounce Religion,
Evoke Blink


You were on level 3 of the Lair of Beasts.
You worshipped Trog.
Trog was exalted by your worship.
You were full.

You visited 3 branches of the dungeon, and saw 15 of its levels.
You also visited: Ice Cave.

You collected 957 gold pieces.
You spent 325 gold pieces at shops.

Inventory:

Hand Weapons
 a - a +1 battleaxe of freezing (weapon)
 h - the +3 bardiche of Duty {flame, rF++ rN+, unknown}
   (You found it on level 4 of the Lair of Beasts)

   It has been specially enchanted to burn those struck by it, causing extra
   injury to most foes and up to half again as much damage against particularly
   susceptible opponents.
   Big, fiery blades are also staple armaments of hydra-hunters.
   It greatly protects you from fire.
   It protects you from negative energy.
 j - a +5 war axe of chopping
Missiles
 F - 6 javelins (quivered)
Armour
 v - a +0 shield
 w - a scarf of cloud immunity (worn)
 A - a +0 pair of gloves (worn)
 B - a +1 chain mail of fire resistance (worn)
 I - a +0 pair of boots (worn)
Jewellery
 z - an uncursed ring of resist corrosion
 D - an uncursed ring of flight
 E - an amulet of the gourmand (around neck)
 J - a ring of protection from magic (left hand)
 Q - an uncursed ring of protection from cold
 R - the ring of Ciutur (right hand) {+Blink rPois rF+++ rC+}
   (You took it off a frost giant in an ice cave)

   [ring of protection from cold]

   It renders you almost immune to fire.
   It protects you from cold.
   It protects you from poison.
   It lets you blink.
 U - an uncursed ring of ice
Wands
 d - a wand of flame (17)
 q - a wand of clouds (3)
 x - a wand of polymorph (57)
 C - a wand of acid (11)
 K - a wand of enslavement (18)
 O - a wand of disintegration (30)
 S - a wand of iceblast (7)
Scrolls
 e - 8 scrolls of remove curse
 k - 4 scrolls of identify
 m - 3 scrolls of enchant weapon
 o - 2 scrolls of brand weapon {unknown}
 p - 5 scrolls of magic mapping
 r - 3 scrolls of teleportation
 y - 4 scrolls of fear
 G - 2 scrolls of enchant armour
 H - 2 scrolls of blinking
Potions
 b - a potion of heal wounds
 f - a potion of mutation {unknown}
 g - 3 potions of berserk rage
 i - 2 potions of lignification {unknown}
 l - a potion of brilliance {unknown}
 n - a potion of cancellation {unknown}
 s - 7 potions of flight
 t - a potion of haste {unknown}
 u - 2 potions of agility
 L - 2 potions of curing
 M - a potion of magic {unknown}
 N - 2 potions of ambrosia {unknown}
Miscellaneous
 P - 2 boxes of beasts
Comestibles
 c - 31 rations
 T - 4 chunks of flesh


   Skills:
 * Level 14.9 Fighting
   Level 4.0 Short Blades
 * Level 15.0 Axes
 + Level 11.1 Armour
 + Level 10.1 Dodging
 - Level 0.1 Stealth
 - Level 9.8 Shields
 + Level 2.2 Evocations


You had 12 spell levels left.
You didn't know any spells.

Dungeon Overview and Level Annotations

Branches:
Dungeon (10/15)            Temple (1/1) D:4            Lair (4/6) D:10
 Spider (0/4) Lair:2          Orc (0/2) D:9
  Swamp: Lair:2-4    Shoals: Lair:2-4

Altars:
Ashenzari
Cheibriados
Dithmenos
Elyvilon
Fedhas
Gozag
Hepliaklqana
Kikubaaqudgha
Makhleb
Nemelex Xobeh
Okawaru
Qazlal
Ru
Sif Muna
Trog
Uskayaw
Vehumet
Wu Jian
Xom
Yredelemnul
Zin
The Shining One

Shops:
D:4 :   D:5 [%   D:7 (   D:9 ?


Innate Abilities, Weirdness & Mutations

You reflexively headbutt those who attack you in melee.
You have a pair of horns on your head.


Message History

You are too berserk!
Unknown command.
You are too berserk!
You miss the entropy weaver.
Your headbutt misses the entropy weaver.
The entropy weaver is heavily wounded.
You hit the worker ant but do no damage.
The entropy weaver hits you.
* * * LOW HITPOINT WARNING * * *
The entropy weaver hits you.
* * * LOW HITPOINT WARNING * * *
The entropy weaver barely misses you. The entropy weaver hits you.
* * * LOW HITPOINT WARNING * * *
The worker ant barely misses you.
You are too berserk!
You barely miss the entropy weaver.
You headbutt the entropy weaver, but do no damage.
The entropy weaver is heavily wounded.
You barely miss the worker ant. The entropy weaver hits you!
You die...

##........#
##.........###
#..#....#....#
###....P..#....#
#.##..........##
##..P..........#
##.............##
##.##........#.a##
.#.#...........a@#
........#....#..##
.P...........####
.............##
..............#
..........##.##
..........####
...........#
..........##


You could see an entropy weaver and a worker ant.

Vanquished Creatures
  A frost giant (IceCv)
  Snorg (D:9)
  5 hydras
  The ghost of Yermak the Slinger, a journeyman HuVM of Ashenzari (D:9)
  10 death yaks
  Sonja (D:10)
  An unseen horror (D:10)
  4 elephants (Lair:3)
  3 black mambas
  Maurice (D:8)
  An ice statue (IceCv)
  4 centaur skeletons
  3 spiny frogs
  9 komodo dragons
  13 polar bears (IceCv)
  A jumping spider (Lair:2)
  A hornet (D:10)
  Prince Ribbit (D:6)
  3 blink frogs (Lair:3)
  3 hippogriffs
  2 dream sheep (D:8)
  2 wyverns
  29 yaks
  Sigmund (D:4)
  A hungry ghost (D:9)
  Grum (D:10)
  A steam dragon (D:9)
  Menkaure (D:7)
  Edmund (D:4)
  4 water moccasins
  10 porcupines
  5 ice beasts
  A hornet zombie (D:9)
  6 orc warriors
  2 phantoms
  2 black bears (D:9)
  28 wolves
  2 sky beasts
  6 ogres
  3 centaurs
  3 crocodiles
  6 big kobolds
  14 bullfrogs
  A wyvern skeleton (D:10)
  4 wights (D:6)
  2 howler monkeys
  2 centaur zombies
  3 crimson imps
  2 quasits
  7 hounds
  6 orc priests
  2 jellies
  Terence (D:2)
  2 iguanas
  8 orc wizards
  8 worker ants
  2 hound zombies
  A hound skeleton (D:4)
  2 worker ant zombies
  Robin (D:2)
  12 adders
  An ooze (D:3)
  2 worms (D:3)
  2 dart slugs
  3 leopard geckos
  39 orcs
  6 bats
  7 giant cockroaches
  13 goblins
  15 hobgoblins
  13 jackals
  14 kobolds
  3 quokkas
  4 frilled lizards
  A quokka zombie (D:5)
  20 rats
  2 fungi (Lair:3)
  4 plants
413 creatures vanquished.

Vanquished Creatures (others)
  An orc (D:9)
  3 fungi (D:10)
  3 plants
7 creatures vanquished.

Grand Total: 420 creatures vanquished

Notes
Turn   | Place    | Note
-------+----------+-------------------------------------------
     0 | D:1      | MalkierKing the Minotaur Berserker began the quest for the Orb.
     0 | D:1      | Reached XP level 1. HP: 19/19 MP: 0/0
    49 | D:1      | Reached XP level 2. HP: 27/27 MP: 1/1
   201 | D:1      | Reached skill level 4 in Axes
   361 | D:1      | Reached ** piety under Trog
   499 | D:1      | Reached XP level 3. HP: 28/33 MP: 2/2
   863 | D:2      | Noticed Terence
   874 | D:2      | Killed Terence
   987 | D:2      | Reached XP level 4. HP: 41/41 MP: 3/3
  1074 | D:2      | Noticed Robin
  1130 | D:2      | Killed Robin
  1130 | D:2      | Reached skill level 5 in Axes
  1842 | D:2      | Found a snail-covered altar of Cheibriados.
  1883 | D:3      | Found a shadowy altar of Dithmenos.
  1966 | D:3      | Reached XP level 5. HP: 39/47 MP: 4/4
  2162 | D:3      | Reached *** piety under Trog
  2671 | D:3      | Reached skill level 5 in Fighting
  2856 | D:4      | Reached skill level 1 in Shields
  2890 | D:4      | Found Vutao's Book Emporium.
  2890 | D:4      | Noticed Sigmund
  2906 | D:4      | Killed Sigmund
  2906 | D:4      | Reached skill level 6 in Axes
  2906 | D:4      | Reached XP level 6. HP: 46/56 MP: 5/5
  3207 | D:4      | Reached XP level 7. HP: 47/62 MP: 6/6
  3613 | D:4      | Reached **** piety under Trog
  3852 | D:4      | Noticed Edmund
  3880 | D:4      | Killed Edmund
  3911 | D:4      | Found a staircase to the Ecumenical Temple.
  3917 | Temple   | Entered the Ecumenical Temple
  4132 | D:4      | Found a bloodstained altar of Trog.
  4133 | D:4      | Found an iron altar of Okawaru.
  4414 | D:5      | Entered Level 5 of the Dungeon
  4495 | D:5      | Reached skill level 7 in Axes
  4677 | D:5      | Found Guofuih's Food Emporium.
  4770 | D:5      | Found Qiofiuco's Antique Armour Shop.
  4775 | D:5      | Reached XP level 8. HP: 71/71 MP: 7/7
  4783 | D:5      | Bought an embroidered scarf for 168 gold pieces
  4916 | D:5      | Found a shattered altar of Ashenzari.
  5116 | D:5      | Reached skill level 5 in Armour
  5432 | D:5      | Found a blossoming altar of Fedhas.
  5904 | D:6      | Noticed Prince Ribbit
  5912 | D:6      | Killed Prince Ribbit
  5912 | D:6      | Reached skill level 8 in Axes
  6017 | D:6      | Found a basalt altar of Yredelemnul.
  6052 | D:6      | Reached skill level 5 in Dodging
  6467 | D:6      | Got a faintly glowing dagger
  6469 | D:6      | Identified the +9 dagger "Jellyslayer" {elec, rPois MR+ Int-3} (You found it on level 6 of the Dungeon)
  6497 | D:6      | Reached XP level 9. HP: 82/82 MP: 8/8
  6889 | D:7      | Reached skill level 1 in Short Blades
  6889 | D:7      | Reached skill level 9 in Axes
  6937 | D:7      | Found Guilacyoq's Antique Weapon Emporium.
  7040 | D:7      | Reached skill level 5 in Shields
  7458 | D:7      | Noticed Menkaure
  7464 | D:7      | Killed Menkaure
  7681 | D:8      | Noticed Maurice
  7698 | D:8      | Killed Maurice
  7699 | D:8      | Reached ***** piety under Trog
  7828 | D:8      | Reached XP level 10. HP: 92/92 MP: 9/9
  7860 | D:8      | Reached skill level 10 in Axes
  8222 | D:8      | Reached skill level 10 in Fighting
  8310 | D:8      | Noticed a three-headed hydra
  8317 | D:8      | Killed a three-headed hydra
  8735 | D:8      | Found a deep blue altar of Sif Muna.
  8944 | D:9      | Noticed Yermak's ghost (journeyman HuVM)
  9047 | D:9      | Received a gift from Trog
  9588 | D:9      | Found a staircase to the Orcish Mines.
  9867 | D:9      | Found a glowing silver altar of Zin.
  9867 | D:9      | Noticed an angel
  9869 | D:9      | Found a shimmering altar of Xom.
  9875 | D:9      | Reached skill level 11 in Axes
 10058 | D:9      | Found Osmenar's Magic Scroll Shop.
 10062 | D:9      | Bought a scroll of blinking for 112 gold pieces
 10062 | D:9      | Bought a scroll of teleportation for 45 gold pieces
 10152 | D:9      | Killed Yermak's ghost
 10152 | D:9      | Reached XP level 11. HP: 79/102 MP: 10/10
 10748 | D:9      | Got a crystal trident
 10751 | D:9      | Identified the +10 trident "Odywipn" {pierce, Str+5 Dex-5} (You found it on level 9 of the Dungeon)
 10785 | D:10     | Entered Level 10 of the Dungeon
 10785 | D:10     | Noticed Snorg
 11312 | D:9      | Killed Snorg
 11709 | D:10     | Noticed Grum
 11718 | D:10     | Killed Grum
 11808 | D:10     | Noticed Sonja
 11817 | D:10     | Killed Sonja
 12099 | D:10     | Found a staircase to the Lair.
 12255 | D:10     | Killed an unseen horror
 12255 | D:10     | Reached skill level 12 in Axes
 12273 | D:10     | Paralysed by a hornet for 3 turns
 12279 | D:10     | Paralysed by a hornet for 3 turns
 12295 | D:10     | Paralysed by a hornet for 2 turns
 13193 | Lair:1   | Entered Level 1 of the Lair of Beasts
 14665 | Lair:2   | Found a hole to the Spider Nest.
 14698 | Lair:2   | Reached XP level 12. HP: 72/113 MP: 11/11
 15335 | Lair:2   | Noticed a six-headed hydra
 15342 | Lair:2   | Killed a nine-headed hydra
 15342 | Lair:2   | Reached skill level 13 in Axes
 16278 | Lair:3   | Found a frozen archway.
 16289 | IceCv    | Entered an ice cave
 16346 | IceCv    | Reached ****** piety under Trog
 16714 | IceCv    | Received a gift from Trog
 16727 | IceCv    | Reached skill level 10 in Armour
 17079 | IceCv    | Noticed a death yak
 17079 | IceCv    | Noticed a death yak
 17094 | IceCv    | Killed a death yak
 17105 | IceCv    | Killed a death yak
 17117 | IceCv    | Reached skill level 14 in Axes
 17485 | IceCv    | Noticed a death yak
 17501 | IceCv    | Killed a death yak
 17501 | IceCv    | Reached XP level 13. HP: 91/123 MP: 12/12
 17507 | IceCv    | Noticed a frost giant
 17517 | IceCv    | HP: 3/123 [frost giant/bolt of cold (44)]
 18178 | IceCv    | Killed a frost giant
 18180 | IceCv    | Got a pitted pewter ring
 18912 | Lair:3   | Identified the ring of Ciutur {+Blink rPois rF+++ rC+} (You took it off a frost giant in an ice cave)
 19254 | Lair:3   | Reached skill level 1 in Evocations
 19661 | Lair:3   | Reached skill level 10 in Dodging
 19881 | Lair:3   | Reached skill level 15 in Axes
 20244 | Lair:4   | Noticed an entropy weaver
 20245 | Lair:4   | Noticed an entropy weaver
 20247 | Lair:4   | Got a steaming bardiche
 20269 | Lair:3   | HP: 9/187 [entropy weaver (1)]
 20270 | Lair:3   | Slain by an entropy weaver

Skill      XL: |  1  2  3  4  5  6  7  8  9 10 11 12 13 |
---------------+----------------------------------------+-----
Fighting       | 4 5 6 8 9 11 12 13 14 | 14.9
Axes           | 4 5 6 7 8 9 11 12 14 15 | 15.0
Armour         | 3 4 5 6 8 9 10 11 | 11.1
Dodging        | 3 4 5 6 7 8 9 10 | 10.1
Shields        | 1 2 3 4 5 7 8 9 |  9.8
Short Blades   | 2 4 |  4.0
Evocations     | 2 |  2.2
Stealth        | |  0.1

Action                   |  1- 3 |  4- 6 |  7- 9 | 10-12 | 13-15 || total
-------------------------+-------+-------+-------+-------+-------++-------
Melee: Hand axe          |    86 |   176 |   210 |       |       ||   472
       Headbutt          |    17 |    27 |    58 |   131 |    43 ||   276
       Dagger            |       |       |    86 |    97 |       ||   183
       War axe           |       |       |       |   358 |    34 ||   392
       Trident           |       |       |       |   122 |       ||   122
       Battleaxe         |       |       |       |       |   136 ||   136
Invok: Berserk           |     1 |     2 |     2 |     9 |     4 ||    18
       Burn Spellbooks   |       |     1 |     2 |     1 |       ||     4
 Abil: Evoke Blink       |       |       |       |       |     1 ||     1
  Use: Scroll            |       |       |     4 |    13 |     4 ||    21
       Potion            |       |       |       |     5 |       ||     5
  Eat: Chunk             |     1 |     9 |    12 |    46 |    10 ||    78
       Ration            |       |       |     2 |     2 |       ||     4
Armor: Animal skin       |     4 |       |       |       |       ||     4
       Ring mail         |    41 |    62 |    55 |       |       ||   158
       Skin              |       |       |     1 |       |       ||     1
       Plate armour      |       |       |    32 |    44 |       ||    76
       Chain mail        |       |       |       |   193 |    67 ||   260
Dodge: Dodged            |    43 |    64 |    85 |   196 |    99 ||   487
Block: Shield            |       |    43 |   118 |   331 |    24 ||   516
